 Dungeon Crawl Stone Soup version 0.30-a0-528-g8c47a4955b (webtiles) character file.

Game seed: 126642889424443235

92332 zero the Eclecticist (level 15, -2/82 HPs)
             Began as a Deep Elf Earth Elementalist on Dec 23, 2022.
             Was the Champion of Vehumet.
             Slain by an orc knight
             ... wielding a +0 battleaxe
              (11 damage)
             ... on level 1 of the Orcish Mines.
             The game lasted 00:52:36 (32192 turns).

zero the Eclecticist (Deep Elf Earth Elementalist) Turns: 32192, Time: 00:52:37

Health: -2/82      AC: 10    Str:  5    XL:     15   Next: 57%
Magic:  21/39      EV: 15    Int: 28    God:    Vehumet [******]
Gold:   3314       SH:  3    Dex: 15    Spells: 7/51 levels left

rFire   + . .      SeeInvis .    a - staff of conjuration {!a}
rCold   + + .      Faith    .    P - +0 buckler
rNeg    . . .      Spirit   .    J - +2 robe {rC+ rF+}
rPois   .          Reflect  .    y - +1 helmet
rElec   .          Harm     .    g - +0 cloak
rCorr   .          Rampage  .    r - +1 pair of gloves
Will    +....                    i - +0 pair of boots
Stlth   ++++                     E - amulet of the acrobat
HPRegen 0.33/turn                M - ring of wizardry
MPRegen 0.26/turn                A - ring of protection from cold

@: no status effects
A: no striking features
a: Renounce Religion


You were on level 1 of the Orcish Mines.
You worshipped Vehumet.
Vehumet was exalted by your worship.
You visited 4 branches of the dungeon, and saw 21 of its levels.
You also visited: Sewer.

You collected 3314 gold pieces.

Inventory:

Hand Weapons
 k - a +4 vorpal sling
 q - the +8 trident of the Octopus King {venom, rElec rPois}
   (You found it on level 2 of the Lair of Beasts)

   It poisons the flesh of those it strikes.
   rElec:     It insulates you from electricity.
   rPois:     It protects you from poison.
 K - a +0 scimitar of flaming
Missiles
 s - 31 poisoned darts
 t - 5 throwing nets
Armour
 g - a +0 cloak (worn)
 i - a +0 pair of boots (worn)
 r - a +1 pair of gloves (worn)
 y - a +1 helmet (worn)
 J - a +2 robe of resistance (worn)
 P - a +0 buckler (worn)
Magical Staves
 a - a staff of conjuration (weapon) {!a}
Jewellery
 l - a ring of ice
 n - a +6 ring of dexterity
 u - a ring of resist corrosion
 v - a ring of positive energy
 A - a ring of protection from cold (right hand)
 D - a ring of flight
 E - an amulet of the acrobat (around neck)
 M - a ring of wizardry (left hand)
 Q - a ring of ice
Wands
 e - a wand of mindburst (15)
 j - a wand of paralysis (3)
 G - a wand of digging (8)
 H - a wand of iceblast (3)
Scrolls
 h - 8 scrolls of teleportation
 m - 4 scrolls of magic mapping
 p - 6 scrolls of identify
 B - 4 scrolls of blinking
 L - 2 scrolls of fear
 O - a scroll of butterflies
Potions
 b - 4 potions of magic
 c - 4 potions of lignification
 d - 4 potions of attraction
 f - 14 potions of curing
 o - 2 potions of berserk rage
 w - 3 potions of mutation
 x - 4 potions of brilliance
 z - 2 potions of might
 C - a potion of resistance
 F - 8 potions of flight
 I - 3 potions of haste
 N - a potion of ambrosia


   Skills:
 + Level 5.5 Fighting
 - Level 4.0 Ranged Weapons
 - Level 2.0 Armour
 + Level 6.9 Dodging
 - Level 8.0 Stealth
 * Level 18.9 Spellcasting
 + Level 13.7 Conjurations
 - Level 3.0 Hexes
 - Level 10.0 Summonings
 - Level 6.0 Necromancy
 - Level 1.1 Transmutations
 - Level 8.0 Air Magic
 + Level 13.6 Earth Magic


You had 7 spell levels left.
You knew the following spells:

 Your Spells              Type           Power      Damage    Failure   Level
a - Arcjolt               Conj/Air       46%        1d56      1%          5
b - Stone Arrow           Conj/Erth      100%       3d13      1%          3
c - Confusing Touch       Hex            43%        N/A       1%          3
d - Swiftness             Air            63%        N/A       1%          3
e - Iron Shot             Conj/Erth      50%        9d10      1%          6
f - Spellforged Servitor  Conj/Summ      48%        N/A       1%          7
g - Iskenderun's Battles  Conj           100%       2d15      1%          5
h - Lehudib's Crystal Sp  Conj/Erth      50%        10d12     6%          8
u - Dispel Undead         Necr           56%        3d20      1%          4

Your spell library contained the following spells:

 Spells                   Type           Power      Damage    Failure   Level
 Lee's Rapid Deconstruct  Erth           40%        3d20*     1%          5
 Magic Dart               Conj           100%       1d8       0%          1
 Sandblast                Erth           100%       2d20      0%          1
 Beastly Appendage        Tmut           64%        N/A       1%          1
 Kiss of Death            Conj/Necr      100%       2d13      1%          1
 Shock                    Conj/Air       100%       1d9       1%          1
 Slow                     Hex            100%       N/A       1%          1
 Blink                    Tloc           52%        N/A       1%          2
 Call Imp                 Summ           70%        N/A       1%          2
 Momentum Strike          Conj/Tloc      100%       3d10      1%          2
 Passwall                 Tmut/Erth      50%        N/A       1%          2
 Wereblood                Tmut           32%        N/A       1%          2
 Call Canine Familiar     Summ           70%        N/A       1%          3
 Ignite Poison            Fire/Tmut/Pois 28%        N/A       1%          3
 Inner Flame              Hex/Fire       34%        N/A       1%          3
 Mephitic Cloud           Conj/Pois/Air  79%        N/A       1%          3
 Portal Projectile        Hex/Tloc       68%        N/A       1%          3
 Vampiric Draining        Necr           56%        2d10      1%          3
 Airstrike                Air            31%        2d(5-21)  1%          4
 Leda's Liquefaction      Hex/Erth       32%        N/A       1%          4
 Petrify                  Tmut/Erth      61%        N/A       1%          4
 Lesser Beckoning         Tloc           52%        N/A       2%          3
 Ozocubu's Armour         Ice            26%        N/A       2%          3
 Spider Form              Tmut/Pois      29%        N/A       2%          3
 Silence                  Hex/Air        27%        N/A       2%          5
 Passage of Golubria      Tloc           26%        N/A       9%          4


Dungeon Overview and Level Annotations

Branches:
Dungeon (13/15)            Temple (1/1) D:7            Lair (5/5) D:11
  Swamp (0/4) Lair:2       Spider (0/4) Lair:3        Slime (0/5) Lair:4
    Orc (2/2) D:10            Elf (0/3) Orc:2        Vaults (0/5) D:13
  Sewer (visited)

Altars:
Ashenzari
Cheibriados
Dithmenos
Elyvilon
Fedhas
Gozag
Hepliaklqana
Kikubaaqudgha
Makhleb
Nemelex Xobeh
Okawaru
Qazlal
Ru
Sif Muna
Trog
Uskayaw
Vehumet
Wu Jian
Xom
Yredelemnul
Zin
The Shining One

Shops:
D:11 (   Orc:1 !   Orc:2 (([:

Portals:
Trove: D:10 (give 15 scrolls of teleportation)

Annotations:
D:2 Sigmund
D:7 exclusion: downstairs
D:9 Maggie
D:10 2 transporters, heinrich's ghost, journeyman GnCA
D:11 exclusion: ice statue
Lair:2 3 runed translucent doors, munchyjoey's ghost, journeyman DrCj


Message History

You feel your power returning.
The orc knight is heavily wounded.
You kill the orc warrior!
Vehumet accepts your kill.
You feel your power returning.
You kill the orc warrior!
Vehumet accepts your kill.
You feel your power returning.
The orc knight is heavily wounded.
The orc knight barely misses you.
Training target 8.0 for Stealth reached!
Your Stealth skill increases to level 8!
Casting: Arcjolt (safe; 1% risk of failure)
Confirm with . or Enter, or press ? or * to list all spells.
You feel a surge of power!
Electricity surges outward!
The orc knight is severely wounded.
The orc knight is heavily wounded.
The orc knight hits you with a +0 battleaxe! x2
Casting: Arcjolt (safe; 1% risk of failure)
Confirm with . or Enter, or press ? or * to list all spells.
You feel a surge of power!
Electricity surges outward!
The warg is severely wounded.
The orc knight is severely wounded. x2
The warg barely misses you.
The orc knight hits you with a +0 battleaxe!!
* * * LOW HITPOINT WARNING * * *
You block the orc knight's attack. You block the warg's attack.
Casting: Arcjolt (safe; 1% risk of failure)
Confirm with . or Enter, or press ? or * to list all spells.
You feel a surge of power!
Electricity surges outward!
You kill the warg!
Vehumet accepts your kill.
The orc sorcerer is severely wounded.
You kill the orc knight!
Vehumet accepts your kill.
Vehumet offers you knowledge of Lee's Rapid Deconstruction.
You feel your power returning.
The orc sorcerer grunts loudly, as Orcs often do.
The orc sorcerer misses you.
The orc knight hits you with a +0 battleaxe!
You die...

############
##..........#.
#.............
#............
##............
#..)..).......
#..))).......
#†@o......
##o).....#
.......##
........#
.........#
..........#
#..........#
#...........


You could see an orc knight (strong) and an orc sorcerer (strong).

Vanquished Creatures
  Snorg (Lair:4)
  Harold (Lair:1)
  An ogre mage (Orc:2)
  Fannar (Orc:1)
  Erica (D:8)
  2 boulder beetles
  5 hydras
  2 centaur warriors (D:13)
  6 two-headed ogres
  9 death yaks
  Sonja (Orc:2)
  A deep troll (Orc:2)
  A necromancer (D:13)
  2 orc knights (Orc:1)
  A cyclops (D:13)
  2 orc sorcerers
  4 centaur zombies (D:9)
  12 elephants
  A guardian serpent (D:13)
  6 black mambas
  2 gargoyles
  8 cane toads
  An unseen horror (D:10)
  2 centaur skeletons (D:9)
  4 komodo dragons
  2 rime drakes
  An ice devil (D:11)
  2 hellwings (D:9)
  2 hornets
  16 trolls
  3 polar bears (Lair:5)
  A nameless horror (Lair:5)
  A tyrant leech (Lair:2)
  6 slime creatures
  5 blink frogs (Lair:2)
  A meliai zombie (D:9)
  A wyvern (Lair:3)
  2 shadows
  9 spriggans (Lair:5)
  7 humans (D:13)
  35 yaks
  2 vampires
  3 basilisks
  A steam dragon (D:8)
  2 vampire mosquitoes
  2 wargs (Orc:1)
  A swamp worm (Lair:2)
  4 water moccasins
  A two-headed ogre zombie (D:10)
  3 acid dragons
  A sky beast (D:7)
  2 black bears
  17 orc warriors
  22 ogres
  5 boggarts (Lair:5)
  37 wolves
  3 centaurs
  2 kobold brigands
  2 phantoms
  A necrophage (D:4)
  A scorpion (D:7)
  12 bullfrogs
  5 wights (D:6)
  A jelly (D:5)
  6 killer bees (D:8)
  3 troll zombies (D:10)
  An electric eel (Lair:1)
  5 howler monkeys
  6 hounds
  20 orc priests
  5 iguanas
  24 orc wizards
  4 ogre zombies (D:10)
  4 gnolls (D:6)
  11 adders
  2 river rats (Sewer)
  4 shadow imps (D:9)
  3 white imps
  10 ufetubi
  3 worms
  4 dart slugs
  80 orcs
  11 ball pythons
  7 endoplasms
  10 giant cockroaches
  7 goblins
  12 hobgoblins
  2 jackals (Sewer)
  6 quokkas
  15 bats
  6 frilled lizards
  2 goblin skeletons (D:10)
  A goblin zombie (D:10)
  A hobgoblin zombie (D:10)
  13 kobolds
  5 orc skeletons (D:10)
  16 orc zombies (D:10)
  8 rats
  A butterfly (Lair:2)
619 creatures vanquished.

Vanquished Creatures (collateral kills)
  Saint Roka (Orc:2)
  An ettin (Orc:2)
  A hydra (Lair:5)
  2 vault guards (D:13)
  An ogre mage (Orc:2)
  3 two-headed ogres (Orc:2)
  A boulder beetle (D:12)
  8 death yaks
  A deep troll (Orc:2)
  A necromancer (D:13)
  A wizard (D:13)
  An orc sorcerer (Orc:2)
  2 ugly things (D:13)
  2 cyclopes (Orc:2)
  9 elephants
  A black mamba (Lair:5)
  A gargoyle (D:12)
  5 cane toads
  2 komodo dragons
  3 rime drakes
  2 trolls
  3 polar bears
  3 hornets (Lair:5)
  3 blink frogs (Lair:5)
  2 spriggans (Lair:5)
  A shadow (D:12)
  3 yaks
  A wraith (D:13)
  A basilisk (Lair:2)
  12 humans (D:13)
  2 wargs (Orc:2)
  3 water moccasins
  A black bear (Lair:5)
  7 orc warriors
  3 ogres
  13 wolves
  3 bullfrogs
  An orc priest (Orc:2)
  5 orc wizards
  11 orcs
127 creatures vanquished.

Vanquished Creatures (others)
  5 bushes (D:10)
  A butterfly (D:10)
  39 fungi
  53 plants
  8 withered plants (D:9)
106 creatures vanquished.

Grand Total: 852 creatures vanquished

Notes
Turn   | Place    | Note
-------+----------+-------------------------------------------
     0 | D:1      | zero the Deep Elf Earth Elementalist began the quest for
                  | the Orb.
     0 | D:1      | Reached XP level 1. HP: 10/10 MP: 6/6
   313 | D:1      | Reached XP level 2. HP: 15/15 MP: 5/8
  1373 | D:2      | Reached XP level 3. HP: 19/19 MP: 6/9
  1532 | D:2      | Learned a level 3 spell: Stone Arrow
  1646 | D:2      | Noticed Sigmund
  1766 | D:2      | You fall into a shaft and drop 2 floors!
  1900 | D:3      | Reached XP level 4. HP: 24/24 MP: 7/10
  1904 | D:3      | Learned a level 3 spell: Confusing Touch
  1967 | D:3      | Noticed an ogre
  1973 | D:3      | Killed an ogre
  1974 | D:3      | Reached skill level 1 in Ranged Weapons
  1974 | D:3      | Reached skill level 5 in Stealth
  1974 | D:3      | Reached skill level 1 in Hexes
  1974 | D:3      | Reached XP level 5. HP: 28/28 MP: 2/12
  2267 | D:3      | Reached skill level 1 in Fighting
  3638 | D:4      | Found an ornate altar of the Wu Jian Council.
  3638 | D:4      | Found a shimmering blue altar of Sif Muna.
  3638 | D:4      | Found a shimmering altar of Xom.
  3796 | D:4      | Reached skill level 4 in Spellcasting
  3796 | D:4      | Reached skill level 5 in Earth Magic
  3796 | D:4      | Reached XP level 6. HP: 34/34 MP: 11/14
  3801 | D:4      | Learned a level 4 spell: Dispel Undead
  3835 | D:4      | Reached skill level 1 in Conjurations
  4208 | D:4      | Reached skill level 1 in Necromancy
  4476 | D:5      | Entered Level 5 of the Dungeon
  4607 | D:5      | Reached XP level 7. HP: 25/38 MP: 12/16
  4620 | D:5      | Reached skill level 5 in Spellcasting
  4628 | D:5      | Reached skill level 1 in Armour
  5053 | D:5      | Found a glowing drain.
  5080 | Sewer    | Entered a sewer
  5849 | D:5      | Found a burning altar of Makhleb.
  6321 | D:6      | Reached XP level 8. HP: 43/44 MP: 11/18
  6323 | D:6      | Reached skill level 6 in Spellcasting
  6769 | D:5      | Learned a level 3 spell: Swiftness
  6936 | D:6      | HP: 2/45 [orc/+0 mace (4)]
  7785 | D:6      | Reached skill level 1 in Air Magic
  7910 | D:6      | Found a bloodstained altar of Trog.
  7919 | D:6      | Found a hide-covered altar of Uskayaw.
  8306 | D:7      | Found a staircase to the Ecumenical Temple.
  8315 | Temple   | Entered the Ecumenical Temple
  8366 | Temple   | Became a worshipper of Vehumet
  8500 | D:7      | Reached skill level 5 in Dodging
  8500 | D:7      | Reached skill level 7 in Spellcasting
  8500 | D:7      | Reached XP level 9. HP: 42/51 MP: 10/21
  8917 | D:7      | Found an opulent altar of Gozag.
  9145 | D:7      | Got Sif Muna's Compendium of Frosty Flames
  9354 | D:8      | Reached skill level 8 in Spellcasting
 10239 | D:8      | Reached skill level 5 in Fighting
 10244 | D:7      | Reached skill level 9 in Spellcasting
 10349 | D:8      | Reached XP level 10. HP: 59/59 MP: 11/25
 10522 | D:8      | Noticed Erica
 10545 | D:8      | Killed Erica
 10546 | D:8      | Reached skill level 10 in Spellcasting
 10953 | D:9      | Reached * piety under Vehumet
 10953 | D:9      | Offered knowledge of Freeze by Vehumet.
 10954 | D:9      | Reached skill level 5 in Necromancy
 11332 | D:9      | Reached skill level 5 in Conjurations
 11613 | D:9      | Noticed Maggie
 11933 | D:9      | Reached skill level 11 in Spellcasting
 12056 | D:10     | Entered Level 10 of the Dungeon
 12101 | D:9      | Reached XP level 11. HP: 50/63 MP: 10/28
 12782 | D:10     | Found a staircase to the Orcish Mines.
 12787 | D:10     | Offered knowledge of Poisonous Vapours by Vehumet.
 12787 | D:10     | Reached ** piety under Vehumet
 13007 | D:10     | Offered knowledge of Static Discharge by Vehumet.
 13215 | D:10     | Found a transporter.
 13254 | D:10     | Noticed heinrich's ghost (journeyman GnCA)
 13268 | D:10     | Found a white marble altar of Elyvilon.
 13327 | D:10     | Found a broken altar of Ashenzari.
 13631 | D:10     | Reached *** piety under Vehumet
 13846 | D:10     | Found a portal to a secret trove of treasure.
 13855 | D:10     | Found a transporter.
 14246 | D:10     | Offered knowledge of Kindle Blastsparks by Vehumet.
 14645 | D:11     | Reached skill level 12 in Spellcasting
 14758 | D:11     | HP: 3/63 [large slime creature (14)]
 15352 | D:11     | Noticed a two-headed ogre
 15587 | D:11     | Found a staircase to the Lair.
 15837 | D:11     | Found Narygy's Weapon Boutique.
 15855 | D:11     | Noticed a two-headed ogre
 15860 | D:11     | Killed a two-headed ogre
 15861 | D:11     | Reached skill level 10 in Conjurations
 16052 | D:11     | Reached **** piety under Vehumet
 16224 | D:11     | Offered knowledge of Arcjolt by Vehumet.
 16225 | D:11     | Reached skill level 10 in Earth Magic
 16344 | D:11     | Learned a level 5 spell: Arcjolt
 16444 | D:11     | Killed a two-headed ogre
 16445 | D:11     | Reached XP level 12. HP: 68/68 MP: 21/30
 16553 | D:11     | Reached skill level 5 in Air Magic
 16837 | Lair:1   | Entered Level 1 of the Lair of Beasts
 17210 | Lair:1   | Learned a level 6 spell: Iron Shot
 17218 | Lair:1   | Learned a level 7 spell: Spellforged Servitor
 17262 | Lair:1   | Reached skill level 1 in Summonings
 17926 | Lair:1   | Noticed Harold
 18183 | Lair:1   | Killed Harold
 18298 | Lair:2   | Found a runed translucent gate.
 18314 | Lair:2   | Reached skill level 5 in Summonings
 18314 | Lair:2   | Reached ***** piety under Vehumet
 18430 | Lair:2   | Offered knowledge of Flame Wave by Vehumet.
 18538 | Lair:2   | Found a runed translucent gate.
 18538 | Lair:2   | Noticed munchyjoey's ghost (journeyman DrCj)
 18539 | Lair:2   | Found a runed translucent gate.
 18585 | Lair:2   | Reached skill level 13 in Spellcasting
 18744 | Lair:2   | Noticed a five-headed hydra
 18748 | Lair:2   | Killed a five-headed hydra
 18749 | Lair:2   | Reached XP level 13. HP: 72/72 MP: 20/32
 19064 | Lair:1   | Learned a level 5 spell: Iskenderun's Battlesphere
 19270 | Lair:2   | Found a staircase to the Swamp.
 19757 | Lair:2   | Found the +8 trident of the Octopus King {venom, rElec
                  | rPois}
 20871 | Lair:3   | Found a hole to the Spider Nest.
 21845 | Lair:4   | Reached skill level 14 in Spellcasting
 22019 | Lair:4   | Noticed Snorg
 22026 | Lair:4   | Killed Snorg
 22396 | Lair:4   | Found a staircase to the Slime Pits.
 23231 | Lair:5   | Entered Level 5 of the Lair of Beasts
 23288 | Lair:4   | Reached XP level 14. HP: 78/78 MP: 18/34
 23414 | Lair:5   | Reached skill level 15 in Spellcasting
 23598 | Lair:5   | Reached skill level 10 in Summonings
 23835 | Lair:5   | Offered knowledge of Freezing Cloud by Vehumet.
 23845 | Lair:5   | Learned a level 8 spell: Lehudib's Crystal Spear
 24367 | Lair:5   | Reached skill level 16 in Spellcasting
 25813 | Lair:5   | Identified a scroll of acquirement
 26306 | Lair:5   | Acquired 1014 gold pieces
 26870 | D:12     | Reached skill level 17 in Spellcasting
 27634 | D:13     | Offered knowledge of Fireball by Vehumet.
 29324 | D:13     | Found a gate to the Vaults.
 29331 | D:13     | Reached XP level 15. HP: 74/82 MP: 12/38
 29731 | Orc:1    | Entered Level 1 of the Orcish Mines
 29735 | Orc:1    | Reached skill level 18 in Spellcasting
 29737 | Orc:1    | Noticed Fannar
 29935 | Orc:1    | Killed Fannar
 30012 | Orc:1    | Found Asotiz's Distillery.
 30603 | Orc:2    | Entered Level 2 of the Orcish Mines
 30603 | Orc:2    | Noticed Sonja
 30606 | Orc:2    | Killed Sonja
 30607 | Orc:2    | Offered knowledge of Ozocubu's Refrigeration by Vehumet.
 31303 | Orc:2    | Found a staircase to the Elven Halls.
 31374 | Orc:2    | Noticed Saint Roka
 31882 | Orc:2    | Killed Saint Roka
 32006 | Orc:2    | Found Letufiaq's Book Boutique.
 32010 | Orc:2    | Found Tirr's Antique Armour Boutique.
 32019 | Orc:2    | Found Yjeimp's Weapon Emporium.
 32029 | Orc:2    | Found Ilamocs's Weapon Shop.
 32187 | Orc:1    | Reached ****** piety under Vehumet
 32192 | Orc:1    | Offered knowledge of Lee's Rapid Deconstruction by Vehumet.
 32192 | Orc:1    | Slain by an orc knight

Illustrated notes

Levels and vault maps discovered:
D:1:      eino_arrival_tree_alley, layout_basic
D:2:      layout_loops_ring, uniq_sigmund
D:3:      layout_basic
D:4:      layout_basic, chequers_temple_overflow_statue_of_worship,
          patterned_corridor
D:5:      layout_basic, mainiacjoe_overflow_catwalk, gup_sewer_entry_glass
D:6:      layout_basic, minitemple
D:7:      layout_cave_pools, nicolae_gozag_cash_rules_everything_around_me,
          minmay_temple_entry_gardened_gates, minmay_diced_spiral
D:8:      layout_loops_ring, minmay_holes, uniq_erica
D:9:      cheibrodos_grave_circle, layout_basic, corexii_corridor_pit,
          uniq_maggie
D:10:     layout_loops_ring, nicolae_elyvilon_peaceful_grove,
          nicolae_ashenzari_skybound, zombieorc2_lemuel,
          nicolae_trove_entry_crossroad, nzn_ghost_randoct, special_room
          [special_room_orc]
D:11:     cheibrodos_frozen_isle, layout_gridville, david_lair_shrubbed,
          grunt_ministairs_6, nicolae_take_the_stairs
D:12:     layout_small_grid
D:13:     layout_gridville, grunt_vaults_entry_tiered,
          nrook_guardian_serpent_ordinary
Temple:   nicolae_temple_ecumenical_triangle
Lair:1:   layout_gridlike, nicolae_quartered_pool_little, grunt_megastairs_5,
          uniq_harold
Lair:2:   layout_cave_shapes, palyth_hydra_swamp_entry,
          gammafunk_ghost_hydra_chop, lemuel_fruit_fields, lemuel_fruit_tree,
          infiniplex_staircase_pool
Lair:3:   layout_regular_city, spider_nest_entry_web_field, serial_bayou_shore_b
Lair:4:   layout_regular_city, slime_entry_1, serial_bayou_shore_a,
          lemuel_fruit_fields, uniq_snorg
Lair:5:   minmay_lair_end_enchanted_forest, layout_long_grid,
          lemuel_fruit_fields
Orc:1:    layout_caves, serial_shops, shop, uniq_fannar
Orc:2:    st_orc_open, layout_caves, basic_altar, uniq_sonja, uniq_saint_roka

Skill      XL: |  1  2  3  4  5  6  7  8  9 10 11 12 13 14 15 |
---------------+----------------------------------------------+-----
Stealth        | 3 4 5 6 7 8 |  8.0
Earth Magic    | 4 5 6 7 8 10 11 13 | 13.6
Ranged Weapons | 1 2 4 |  4.0
Hexes          | 1 2 3 |  3.0
Fighting       | 1 2 3 5 |  5.5
Spellcasting   | 4 5 7 9 11 12 13 14 17 18 | 18.9
Conjurations   | 1 2 3 6 10 12 13 | 13.7
Necromancy     | 1 2 3 4 5 6 |  6.0
Armour         | 1 2 |  2.0
Dodging        | 3 5 6 |  6.9
Air Magic      | 2 3 4 8 |  8.0
Summonings     | 6 9 10 | 10.0
Transmutations | |  1.1

Action                   |  1- 3 |  4- 6 |  7- 9 | 10-12 | 13-15 || total
-------------------------+-------+-------+-------+-------+-------++-------
Melee: Dagger            |     7 |       |       |       |       ||     7
       Short sword       |       |       |     5 |       |       ||     5
       Scimitar          |       |       |       |     9 |       ||     9
 Fire: Sling             |    18 |   102 |   172 |   170 |       ||   462
 Cast: Sandblast         |    38 |    44 |    63 |       |       ||   145
       Stone Arrow       |       |     2 |    94 |   255 |   212 ||   563
       Swiftness         |       |       |     1 |     3 |       ||     4
       Dispel Undead     |       |       |       |    20 |       ||    20
       Arcjolt           |       |       |       |    26 |    48 ||    74
       Iron Shot         |       |       |       |     5 |    36 ||    41
       Spellforged Servi |       |       |       |     4 |    82 ||    86
       Iskenderun's Batt |       |       |       |       |    74 ||    74
       Lehudib's Crystal |       |       |       |       |     4 ||     4
Evoke: Wand              |       |       |       |       |     7 ||     7
  Use: Scroll            |     7 |     1 |    15 |     7 |     4 ||    34
       Potion            |       |       |     1 |     5 |       ||     6
 Stab: Sleeping          |     2 |       |       |       |       ||     2
Armor: Robe              |     3 |    11 |    45 |    84 |    50 ||   193
Dodge: Dodged            |    11 |    49 |   159 |   279 |   170 ||   668
Block: Buckler           |       |       |       |     4 |    23 ||    27

Table legend: (Time is in decaauts)
 A = Elapsed time spent in this place.
 B = Non-inter-level travel time spent in this place.
 C = Inter-level travel time spent in this place.
 D = Time resting spent in this place.
 E = Time spent auto-exploring this place.
 F = Levels seen in this place.
 G = Mean time per level.
                   A        B        C        D        E       F      G
               +--------+--------+--------+--------+--------+-----+--------+
         Total |  32609 |  31479 |   1130 |  11758 |  15652 |  22 | 1482.2 |
       Dungeon |  19803 |  19010 |    793 |   6927 |   9350 |  13 | 1523.3 |
        Temple |     60 |     37 |     23 |      0 |     31 |   1 |   60.0 |
          Lair |   9634 |   9385 |    249 |   3606 |   4864 |   5 | 1926.8 |
  Orcish Mines |   2272 |   2208 |     64 |   1137 |    784 |   2 | 1136.0 |
         Sewer |    838 |    838 |      0 |     88 |    623 |   1 |  838.0 |
               +--------+--------+--------+--------+--------+-----+--------+

Top non-repeatable levels by time:
  Lair:5: 2991 daAuts
    D:10: 2354 daAuts
    D:13: 2241 daAuts
     D:6: 1860 daAuts
     D:9: 1852 daAuts
    D:11: 1827 daAuts
  Lair:2: 1786 daAuts
  Lair:1: 1734 daAuts
     D:8: 1659 daAuts
  Lair:4: 1596 daAuts
  Lair:3: 1525 daAuts
     D:5: 1374 daAuts
     D:1: 1341 daAuts
     D:3: 1318 daAuts
   Orc:2: 1151 daAuts
